 Dungeon Crawl Stone Soup version 0.31-a0-1005-gfbdfbacc72 (webtiles) character file.

Game seed: 668481086977873159

53 graki42 the Firebug (level 3, 0/19 HPs)
             Began as a Deep Elf Fire Elementalist on Nov 10, 2023.
             Slain by a gnoll
             ... wielding a +2 rapier of protection
              (6 damage)
             ... on level 2 of the Dungeon.
             The game lasted 00:05:28 (1602 turns).

graki42 the Firebug (Deep Elf Fire Elementalist)    Turns: 1602, Time: 00:05:29

Health: 0/19       AC:  2    Str:  5    XL:     3   Next: 62%
Magic:  2/10       EV: 13    Int: 21    God:
Gold:   78         SH:  0    Dex: 15    Spells: 6/9 levels left

rFire   . . .        f - +0 short sword (venom)
rCold   . . .        (no shield)
rNeg    . . .        a - +0 robe
rPois   .            (no helmet)
rElec   .            (no cloak)
rCorr   .            (no gloves)
SInv    .            (no boots)
Will    .....        (no amulet)
Stlth   ++           (no ring)
HPRegen 0.23/turn    (no ring)
MPRegen 0.12/turn

%: no passive effects
@: no status effects
A: no striking features
a: no special abilities


You were on level 2 of the Dungeon.
You visited 1 branch of the dungeon, and saw 2 of its levels.

You collected 78 gold pieces.

Inventory:

Hand Weapons
 f - a +0 short sword of venom (weapon)
Armour
 a - a +0 robe (worn)
Scrolls
 i - 3 scrolls of brand weapon {unknown}
 j - a scroll of vulnerability {unknown}
 k - a scroll of immolation {unknown}
 l - a scroll of acquirement {unknown}
Potions
 b - a potion of magic
 c - 2 potions of curing {unknown}
 d - 2 potions of mutation {unknown}
 e - a potion of heal wounds {unknown}
 g - a potion of might {unknown}
 h - a potion of berserk rage {unknown}
 m - a potion of resistance {unknown}


   Skills:
 - Level 3.0 Dodging
 - Level 3.0 Stealth
 + Level 3.7 Spellcasting
 + Level 2.1 Conjurations
 + Level 3.7 Fire Magic


You had 6 spell levels left.
You knew the following spells:

 Your Spells              Type           Power      Damage    Failure   Level
a - Foxfire               Conj/Fire      64%        2x1d7     3%          1
b - Scorch                Fire           38%        2d6       4%          2

Your spell library contained the following spells:

 Spells                   Type           Power      Damage    Failure   Level
 Inner Flame              Hex/Fire       11%        N/A       17%         3
 Volatile Blastmotes      Fire/Tloc      22%        2d11      17%         3
 Gell's Gravitas          Tloc           3%         N/A       36%         3
 Teleport Other           Tloc           3%         N/A       36%         3
 Flame Wave               Conj/Fire      16%        2d7       36%         4
 Dispersal                Tloc           1%         N/A       100%        6


Dungeon Overview and Level Annotations

Branches:
Dungeon (2/15)

Altars:


Message History

The gnoll is lightly wounded.
Casting: Foxfire (safe; 3% risk of failure)
Confirm with . or Enter, or press ? or * to list all spells.
You miscast Foxfire.
You are very lightly contaminated with residual magic.
Nothing appears to happen.
A gnoll comes into view. It is wielding a +0 whip.
Casting: Foxfire (safe; 3% risk of failure)
Confirm with . or Enter, or press ? or * to list all spells.
You conjure some foxfire!
Your magical contamination has completely faded away.
Casting: Foxfire (safe; 3% risk of failure)
Confirm with . or Enter, or press ? or * to list all spells.
You conjure some foxfire!
Your foxfire dissipates!
The foxfire hits the gnoll but does no damage. x2
The gnoll attacks as it pursues you! The gnoll closely misses you.
Casting: Foxfire (safe; 3% risk of failure)
Confirm with . or Enter, or press ? or * to list all spells.
Flames lash the gnoll.
The gnoll is lightly wounded.
The gnoll's fire resistance burns away.
The gnoll hits you with a +2 rapier of protection.
Unknown command.
The gnoll is no longer more vulnerable to fire.
Casting: Scorch (safe; 4% risk of failure)
Confirm with . or Enter, or press ? or * to list all spells.
Flames lash the gnoll.
The gnoll is severely wounded.
The gnoll's fire resistance burns away.
The gnoll completely misses you. The gnoll attacks as it pursues you!
The gnoll hits you but does no damage.
The gnoll is no longer more vulnerable to fire.
There is an open door here.
You hit the gnoll but do no damage.
The gnoll is poisoned.
The gnoll hits you with a +2 rapier of protection!
Ouch! That really hurt!
* * * LOW HITPOINT WARNING * * *
The gnoll attacks as it pursues you!
The gnoll hits you with a +2 rapier of protection.
You die...

.......# #.#########.#.#
.......# #.#.......#.#.#
######## #.#.#####.#.#.#
#.#.........#.# ######
#.#..####.###.# ......
####.#...###.# #.# ......
+......>.....# #.# ......
####.#..########†# ######
##.#@.......#<.# ..##
#...g.#####.#### #..##
#.........#.# ##..#
#...g..#..(.# ##.#
#......#..#####
#.##########'#...#......#
###.#..........#...#......#
....')..).)....##.##......#
.##.#..............#......#


You could see 2 gnolls.

Vanquished Creatures
  2 gnolls (D:2)
  2 dart slugs
  3 bats
  An endoplasm (D:2)
  3 giant cockroaches
  3 goblins
  2 hobgoblins (D:1)
  2 jackals (D:1)
  A kobold (D:1)
  4 ball pythons
  3 frilled lizards
  2 rats (D:2)
28 creatures vanquished.

Vanquished Creatures (others)
  64 foxfires
64 creatures vanquished.

Grand Total: 92 creatures vanquished

Notes
Turn   | Place    | Note
-------+----------+-------------------------------------------
     0 | D:1      | graki42 the Deep Elf Fire Elementalist began the quest for
                  | the Orb.
     0 | D:1      | Reached XP level 1. HP: 10/10 MP: 6/6
   264 | D:1      | Reached XP level 2. HP: 15/15 MP: 4/8
  1044 | D:1      | Learned a level 2 spell: Scorch
  1475 | D:2      | Reached XP level 3. HP: 18/19 MP: 5/10
  1602 | D:2      | Slain by a gnoll

Illustrated notes

Levels and vault maps discovered:
D:1:      mushboom_english_gardens, layout_basic,
          chequers_serial_rivers_micro_d, hangedman_decor_peaks_small,
          st_stairs_2
D:2:      layout_basic, minmay_hexomino_f4

Skill      XL: |  1  2  3 |
---------------+----------+-----
Stealth        | 3 |  3.0
Dodging        | 3 |  3.0
Conjurations   | 2 |  2.1
Spellcasting   | |  3.7
Fire Magic     | |  3.7

Action                     || total
---------------------------++-------
  Melee: Short sword       ||     1
   Cast: Foxfire           ||    40
         Scorch            ||     5
 Armour: Robe              ||     9
  Dodge: Dodged            ||    13

Table legend: (Time is in decaauts)
 A = Elapsed time spent in this place.
 B = Non-inter-level travel time spent in this place.
 C = Inter-level travel time spent in this place.
 D = Time resting spent in this place.
 E = Time spent auto-exploring this place.
 F = Levels seen in this place.
 G = Mean time per level.
                   A        B        C        D        E       F      G
               +--------+--------+--------+--------+--------+-----+--------+
         Total |   1601 |   1557 |     44 |    129 |   1234 |   2 |  800.5 |
       Dungeon |   1601 |   1557 |     44 |    129 |   1234 |   2 |  800.5 |
               +--------+--------+--------+--------+--------+-----+--------+

Top non-repeatable levels by time:
     D:1: 1087 daAuts
     D:2: 513 daAuts
